 Dungeon Crawl Stone Soup version 0.25-a0-364-ge76b031baf (webtiles) character file.

Game seed: 7854802181437307564, levelgen mode: deterministic

16 night the Stinger (level 2, -1/19 HPs)
             Began as a Demonspawn Venom Mage on Jan 4, 2020.
             Slain by a gnoll
             ... wielding a +0 flail
              (11 damage)
             ... on level 1 of the Dungeon.
             The game lasted 00:02:26 (787 turns).

night the Stinger (Demonspawn Venom Mage)            Turns: 787, Time: 00:02:26

Health: -1/19      AC:  2    Str:  8    XL:     2   Next: 41%
Magic:  4/5        EV: 12    Int: 16    God:
Gold:   44         SH:  0    Dex: 13    Spells: 5/6 levels left

rFire    . . .     SeeInvis .   (no weapon)
rCold    + . .     Gourm    .   (no shield)
rNeg     . . .     Faith    .   a - +0 robe
rPois    .         Spirit   .   (no helmet)
rElec    .         Reflect  .   (no cloak)
rCorr    .         Harm     .   (no gloves)
MR       .....                  (no boots)
Stlth    ++........             (no amulet)
HPRegen  0.06/turn              (no ring)
MPRegen  0.09/turn              m - ring of protection from cold

@: no status effects
A: talons 1
a: no special abilities


You were on level 1 of the Dungeon.
You were not hungry.

You visited 1 branch of the dungeon, and saw 2 of its levels.

You collected 44 gold pieces.

Inventory:

Armour
 a - a +0 robe (worn)
Jewellery
 h - an uncursed ring of see invisible
 m - a ring of protection from cold (right hand)
Potions
 i - a potion of curing
 j - a potion of lignification {unknown}
Comestibles
 c - 4 rations


   Skills:
 - Level 1.7 Dodging
 - Level 1.7 Stealth
 + Level 2.5 Spellcasting
 - Level 0.8 Transmutations
 + Level 3.4 Poison Magic


You had 5 spell levels left.
You knew the following spells:

 Your Spells              Type           Power        Failure   Level  Hunger
a - Sting                 Tmut/Pois      #...         9%          1    #......

Your spell library contained the following spells:

 Spells                   Type           Power        Failure   Level  Hunger
 Poisonous Vapours        Pois/Air       #.....       14%         2    ##.....
 Ignite Poison            Fire/Tmut/Pois #.......     32%         3    ###....
 Mephitic Cloud           Conj/Pois/Air  #.......     36%         3    ###....
 Olgreb's Toxic Radiance  Pois           ##......     43%         4    #####..


Dungeon Overview and Level Annotations

Branches:
Dungeon (2/15)

Altars:
Xom


Innate Abilities, Weirdness & Mutations

You have sharp toenails.


Message History

Confirm with . or Enter, or press ? or * to list all spells.
Aiming: Sting (safe; 9% risk of failure)
Press: ? - help, Shift-Dir - straight line, f - gnoll
Aim: a gnoll, wielding a +0 flail The sting hits the gnoll but does no damage.
The gnoll is poisoned.
The gnoll hits you with a +0 flail. The gnoll hits you with a +0 flail.
You climb upwards.
There is a stone staircase leading down here.
The gnoll looks more healthy.
Casting: Sting (safe; 9% risk of failure)
Confirm with . or Enter, or press ? or * to list all spells.
Aiming: Sting (safe; 9% risk of failure)
Press: ? - help, Shift-Dir - straight line, f - gnoll
Aim: a gnoll, wielding a +0 flail (lightly wounded)
The sting hits the gnoll.
The gnoll is poisoned.
The gnoll is moderately wounded.
The gnoll hits you with a +0 flail!
Ouch! That really hurt!
You die...

.......##..#....######
#.##### ...#.#.#...#[g..#
#.# ...#.....#####..# #.#
...###.....#....# #.#
.......#...#>##.########.#
.#######.....##.##.......#
##..............##.#######
##.#####.....##.##.#
.#.#####).##...g@..#
..........#####.####
.#.##.##..#####.#
##..............#
##.####..########
#.####..# ##.......#
.######.## .# #.#


You could see a gnoll.

Vanquished Creatures
  A gnoll (D:1)
  An orc (D:2)
  2 giant cockroaches (D:1)
  A bat (D:1)
  A kobold (D:2)
  A rat (D:1)
7 creatures vanquished.

Notes
Turn   | Place    | Note
-------+----------+-------------------------------------------
     0 | D:1      | night the Demonspawn Venom Mage began the quest for the
                  | Orb.
     0 | D:1      | Reached XP level 1. HP: 13/13 MP: 3/3
    63 | D:1      | You fall into a shaft and drop 1 floor!
   430 | D:1      | Found a sparkling altar of Nemelex Xobeh.
   432 | D:1      | Found a basalt altar of Yredelemnul.
   432 | D:1      | Found a glowing golden altar of the Shining One.
   445 | D:1      | Found a shimmering altar of Xom.
   445 | D:1      | Found a sparkling altar of Nemelex Xobeh.
   445 | D:1      | Found an iron altar of Okawaru.
   710 | D:1      | Gained mutation: You have sharp toenails. [demonic
                  | ancestry]
   710 | D:1      | Reached XP level 2. HP: 15/19 MP: 0/5
   787 | D:1      | Slain by a gnoll

Levels and vault maps discovered:
D:1:      psy_arrival_dodecagon, layout_loops_cross, doesnt_xom_only_xom
D:2:      layout_loops_ring, first_ration

Action                   || total
-------------------------++-------
Melee: Unarmed           ||     1
 Cast: Sting             ||    13
  Use: Scroll            ||     6
Dodge: Dodged            ||     5

Table legend:
 A = Non-vault XP
 B = Vault XP
 C = Vault XP percentage of total XP
 D = Non-vault monster count
 E = Vault monster count
 F = Vault count percentage of total count
                 A         B        C        D         E       F
            +---------+---------+-------+---------+---------+-------
      Total |      24 |       0 |   0.0 |       7 |       0 |   0.0
            +---------+---------+-------+---------+---------+-------
        D:1 |      20 |       0 |   0.0 |       5 |       0 |   0.0
        D:2 |       4 |       0 |   0.0 |       2 |       0 |   0.0
            +---------+---------+-------+---------+---------+-------
